 Dungeon Crawl Stone Soup version 0.30-a0-364-gf6b3ef1049 (webtiles) character file.

Game seed: 10715897881623901860

56 Nerdsrcool the Shield-Bearer (level 3, -1/36 HPs)
             Began as a Troll Fighter on Nov 15, 2022.
             Slain by an orc
             ... wielding a +0 whip
              (4 damage)
             ... on level 3 of the Dungeon.
             The game lasted 00:05:14 (1127 turns).

Nerdsrcool the Shield-Bearer (Troll Fighter)        Turns: 1127, Time: 00:05:14

Health: -1/36      AC:  4    Str: 24    XL:     3   Next: 69%
Magic:  2/2        EV:  9    Int:  4    God:
Gold:   100        SH:  7    Dex: 11    Spells: 2/2 levels left

rFire   . . .      SeeInvis .    s - +0 club
rCold   . . .      Faith    .    b - +0 kite shield
rNeg    . . .      Spirit   .    a - +0 robe
rPois   .          Reflect  .    (helmet restricted)
rElec   .          Harm     .    (no cloak)
rCorr   .          Rampage  .    (gloves unavailable)
Will    .....                    (boots unavailable)
Stlth   +.........               (no amulet)
HPRegen 1.06/turn                r - ring of wizardry
MPRegen 0.08/turn                (no ring)

@: mighty, flying
A: large, unfitting armour, claws 3, regeneration 1, shaggy fur 1, tough skin 1
a: no special abilities


You were on level 3 of the Dungeon.
You visited 1 branch of the dungeon, and saw 3 of its levels.

You collected 100 gold pieces.

Inventory:

Hand Weapons
 s - a +0 club (weapon)
Armour
 a - a +0 robe (worn)
 b - a +0 kite shield (worn)
 d - a +0 leather armour
Jewellery
 r - a ring of wizardry (left claw)
Scrolls
 f - a scroll of vulnerability {unknown}
 g - a scroll of identify {unknown}
 i - a scroll of teleportation {unknown}
 k - a scroll of magic mapping {unknown}
 m - a scroll of amnesia {unknown}
 n - 4 scrolls of fog {unknown}
 q - a scroll of immolation {unknown}
Potions
 e - a potion of brilliance {unknown}
 h - a potion of cancellation {unknown}
 l - a potion of flight
 o - a potion of attraction {unknown}
 p - a potion of berserk rage {unknown}


   Skills:
 + Level 2.9 Fighting
 + Level 2.8 Dodging
 + Level 3.1 Shields
 + Level 2.7 Unarmed Combat


You had 2 spell levels left.
You didn't know any spells.
Your spell library contained the following spells:

 Spells                   Type           Power      Damage    Failure   Level
 Blink                    Tloc           0%         N/A       58%         2
 Ensorcelled Hibernation  Hex/Ice        0%         N/A       58%         2
 Momentum Strike          Conj/Tloc      0%         3d8       58%         2
 Passwall                 Tmut/Erth      0%         N/A       58%         2
 Lesser Beckoning         Tloc           0%         N/A       82%         3
 Swiftness                Air            0%         N/A       82%         3


Dungeon Overview and Level Annotations

Branches:
Dungeon (3/15)

Altars:


Innate Abilities, Weirdness & Mutations

You are too large for most types of armour.
You have claws for hands.
Your natural rate of healing is unusually fast.
You are covered in fur. (AC +1)
You have tough skin. (AC +1)


Message History

You miss the adder.
The adder bites you. x2; You block something's attack.
The orc barely misses you.
You thump the adder!
The adder is severely wounded.
The adder bites you.
* * * LOW HITPOINT WARNING * * *
The orc closely misses you. Something hits you.
* * * LOW HITPOINT WARNING * * *
You block the adder's attack.
You feel better. The orc hits you with a +0 whip.
* * * LOW HITPOINT WARNING * * *
The adder bites you.
* * * LOW HITPOINT WARNING * * *
You block something's attack.
You feel better. The adder bites you. You block the orc's attack.
You block something's attack. You block the adder's attack.
You closely miss the adder.
The adder is severely wounded.
The orc barely misses you. Something hits you but does no damage.
The adder bites you. Something hits you. You block the orc's attack.
The adder bites you but does no damage.
You hit the adder.
You kill the adder!
The orc hits you with a +0 whip.
You hear some strange, mumbled words.
A magic dart appears from out of thin air!
The magic dart hits you.
* * * LOW HITPOINT WARNING * * *
Your life force feels restored.
You barely miss something.
An orc wizard appears from thin air!
Reactivating autopickup.
The orc hits you with a +0 whip.
* * * LOW HITPOINT WARNING * * *
You block the orc wizard's attack. The orc closely misses you.
The orc wizard hits you with a +0 dagger.
* * * LOW HITPOINT WARNING * * *
It was a potion of flight.
You feel very buoyant.
You fly up into the air.
The orc hits you with a +0 whip.
You die...

. ... .......##...< #.
#.##..#.........
#.##..........#....
##..................
..................!
............##..##
................#
##.....)#...#.#####.#
#....o@#.#.........###
######o#.##.†######..
#.#.###..####.###
................#
................#.
...........†.....#.
...........).....#.
########..........#.
#######......


You could see an orc wizard and an orc.

Vanquished Creatures
  2 adders
  A dart slug (D:1)
  2 orcs (D:3)
  3 endoplasms
  4 giant cockroaches
  3 hobgoblins (D:2)
  4 quokkas
  5 ball pythons
  3 bats
  A frilled lizard (D:1)
  A goblin (D:3)
  2 kobolds (D:1)
  A rat (D:2)
32 creatures vanquished.

Notes
Turn   | Place    | Note
-------+----------+-------------------------------------------
     0 | D:1      | Nerdsrcool the Troll Fighter began the quest for the Orb.
     0 | D:1      | Reached XP level 1. HP: 22/22 MP: 0/0
   179 | D:1      | Reached XP level 2. HP: 29/29 MP: 1/1
   701 | D:2      | Reached skill level 3 in Shields
   735 | D:2      | Reached XP level 3. HP: 36/36 MP: 2/2
  1127 | D:3      | Slain by an orc

Illustrated notes

Levels and vault maps discovered:
D:1:      wheals_arrival_shading, layout_basic,
          hangedman_abyss_or_decor_lesser_grid
D:2:      layout_rooms
D:3:      layout_basic, serial_shops, shop

Skill      XL: |  1  2 |
---------------+-------+-----
Shields        | 3 |  3.1
Fighting       | |  2.9
Dodging        | |  2.8
Unarmed Combat | |  2.7

Action                   || total
-------------------------++-------
Melee: Unarmed           ||    80
       Club              ||    24
  Use: Potion            ||     6
Armor: Robe              ||    43
Dodge: Dodged            ||    57
Block: Kite shield       ||    46

Table legend: (Time is in decaauts)
 A = Elapsed time spent in this place.
 B = Non-inter-level travel time spent in this place.
 C = Inter-level travel time spent in this place.
 D = Time resting spent in this place.
 E = Time spent auto-exploring this place.
 F = Levels seen in this place.
 G = Mean time per level.
                   A        B        C        D        E       F      G
               +--------+--------+--------+--------+--------+-----+--------+
         Total |   1143 |   1143 |      0 |      0 |    820 |   3 |  381.0 |
       Dungeon |   1143 |   1143 |      0 |      0 |    820 |   3 |  381.0 |
               +--------+--------+--------+--------+--------+-----+--------+

Top non-repeatable levels by time:
     D:1: 672 daAuts
     D:2: 370 daAuts
     D:3: 100 daAuts
